[Event "January 9 Late 2024"]
[Site "https://www.chess.com"]
[Date "2024.01.09"]
[Round "5"]
[White "Andreikin, Dmitry"]
[Black "Bok, Benjamin"]
[Result "1-0"]
[Board "6"]
[TimeControl "180+1"]
[WhiteFideId "4158814"]
[BlackFideId "1017063"]
[WhiteElo "3102"]
[BlackElo "2943"]
[WhiteTeam "FID"]
[BlackTeam "NED"]
[WhiteClock "0:00:07"]
[BlackClock "0:00:03"]

1. e4 c5 2. Nc3 d6 3. Nge2 Nf6 4. h3 Nc6 5. d4 cxd4 6. Nxd4 g6 7. g4 Bg7 8. Be3 O-O 9. Bg2 Bd7 10. Qd2 Nxd4 11. Bxd4 Qa5 12. O-O-O Rfc8 13. Kb1 Bc6 14. g5 Nh5 15. Bxg7 Nxg7 16. h4 b5 17. h5 b4 18. Nd5 Bxd5 19. exd5 gxh5 20. Bf3 Rc5 21. Bxh5 b3 22. axb3 Qxd2 23. Rxd2 Nxh5 24. Rxh5 a5 25. Rd4 Kg7 26. c4 Rb8 27. Ka2 Rc7 28. Rdh4 Rh8 29. Ka3 Kg6 30. f4 Rb7 31. Rh6+ Kf5 32. Rxh7 Rhb8 33. Rh3 a4 34. bxa4 Rxb2 35. Rxf7+ Kg4 36. Rfh7 Rb1 37. R7h4+ Kf5 38. Rh2 Ra1+ 39. Ra2 Rab1 40. Rh3 Rc8 41. Rb3 Rc1 42. a5 R1xc4 43. a6 Ra8 44. Kb2 Rc5 45. a7 Rc7 46. Rba3 Kxf4 47. g6 Ke5 48. g7 Rb7+ 49. Rb3 Rbxa7 50. Rxa7 Rxa7 1-0

[Event "January 9 Late 2024"]
[Site "https://www.chess.com"]
[Date "2024.01.09"]
[Round "5"]
[White "Tabatabaei, M. Amin"]
[Black "Liascovich, Lucas"]
[Result "1-0"]
[Board "7"]
[TimeControl "180+1"]
[WhiteFideId "12521213"]
[BlackFideId "108634"]
[WhiteElo "3097"]
[BlackElo "2929"]
[WhiteTeam "IRI"]
[BlackTeam "ARG"]
[WhiteClock "0:00:07"]
[BlackClock "0:00:01"]

1. e4 e5 2. Nf3 Nc6 3. Bc4 Bc5 4. d3 Nf6 5. Nc3 h6 6. O-O O-O 7. Be3 d6 8. Bxc5 dxc5 9. Bb5 Nd4 10. Nxd4 cxd4 11. Ne2 Bg4 12. f3 Bd7 13. Bxd7 Qxd7 14. Qd2 c5 15. h3 Nh5 16. g4 Nf6 17. f4 exf4 18. Rxf4 Nh7 19. Raf1 Ng5 20. Kg2 Rae8 21. Rf5 Qc6 22. h4 Nxe4 23. dxe4 Qxe4+ 24. Kf2 Qxg4 25. Rf3 Qxh4+ 26. Kg2 Qg4+ 27. Ng3 Re6 28. Rf4 Qg5 29. Kh2 Rfe8 30. Qg2 f6 31. Qxb7 Re3 32. Qg2 d3 33. cxd3 Rxd3 34. R1f3 Rxf3 35. Qxf3 Rd8 36. Rg4 Qe5 37. Kh3 c4 38. Rxc4 Qxb2 39. Rg4 Qe5 40. Nf5 Rd7 41. Nxh6+ Kf8 42. Nf5 Qd5 43. Qxd5 Rxd5 44. Nxg7 Kf7 45. Kh4 a5 46. Nh5 Rd1 47. Ra4 Rh1+ 48. Kg4 Rg1+ 49. Ng3 Kg6 50. Rxa5 Rb1 51. Ra4 Rb8 52. Kf4 Rb1 53. Ra6 Kf7 54. Ne4 Ke7 55. Ra7+ Ke6 56. Ra6+ Ke7 57. a4 Rf1+ 58. Ke3 f5 59. Ng5 f4+ 60. Ke4 Kd7 61. Nf3 Kc7 62. Kxf4 Kb7 63. Ra5 Kc6 64. Ke4 Kb6 65. Ra8 Ra1 66. Nd4 Kb7 67. Ra5 Kb6 68. Rb5+ Ka6 69. Rb4 Ka5 70. Nc6+ Ka6 71. Rc4 Re1+ 72. Kd5 Rh1 73. Nb4+ Ka5 74. Nc6+ Ka6 75. Nd4 Rh5+ 76. Ke4 Rh4+ 77. Kd3 Rh3+ 78. Kc2 Rh2+ 79. Kb3 Rh3+ 80. Kb4 Rh1 81. Rc6+ Ka7 82. Rg6 Rb1+ 83. Ka5 Rh1 84. Nb5+ Ka8 85. Ka6 Rh8 86. a5 Rf8 87. Re6 Rd8 88. Kb6 Rb8+ 89. Kc5 Rc8+ 90. Rc6 Rh8 91. Kb6 Rb8+ 92. Ka6 Rh8 93. Nc7+ Kb8 94. Nd5 Ka8 95. Kb5 Rb8+ 96. Rb6 Rd8 97. Nb4 Rh8 98. Rc6 Rb8+ 99. Ka4 Rh8 100. a6 Rh4 101. Ka5 Rh8 102. Nd5 Rh5 103. Kb6 Rh8 104. Nc7+ Kb8 105. a7+ 1-0

[Event "January 9 Late 2024"]
[Site "https://www.chess.com"]
[Date "2024.01.09"]
[Round "5"]
[White "Oparin, Grigoriy"]
[Black "Christiansen, Johan-Sebastian"]
[Result "1/2-1/2"]
[Board "8"]
[TimeControl "180+1"]
[WhiteFideId "24125890"]
[BlackFideId "1512668"]
[WhiteElo "3069"]
[BlackElo "2908"]
[WhiteTeam "USA"]
[BlackTeam "NOR"]
[WhiteClock "0:00:15"]
[BlackClock "0:00:07"]

1. d4 Nf6 2. Nf3 c5 3. e3 g6 4. dxc5 Qa5+ 5. c3 Qxc5 6. b4 Qc7 7. Bb2 Bg7 8. Nbd2 O-O 9. Be2 a5 10. a3 Nc6 11. O-O d6 12. Rc1 e5 13. Qb3 Be6 14. c4 b5 15. Qc3 axb4 16. axb4 Na7 17. cxb5 Qxc3 18. Rxc3 Rab8 19. Ra1 Nxb5 20. Rc6 Nd5 21. Bxb5 Rxb5 22. Rxd6 Nxb4 23. Bc3 Rc8 24. Bxb4 Rxb4 25. h3 h6 26. Rd1 Rc2 27. Nf1 Rbb2 28. R6d2 Rxd2 29. N1xd2 Rb4 30. Nf1 e4 31. Nd4 Bxd4 32. exd4 f5 33. d5 Bd7 34. Ne3 f4 35. Ng4 Bxg4 36. hxg4 Kf7 37. d6 Ke8 38. d7+ Kd8 39. Kf1 e3 40. fxe3 fxe3 41. g5 hxg5 42. Rd3 Rb1+ 43. Ke2 Rb2+ 44. Kf3 e2 45. Kf2 e1=Q+ 46. Kxe1 Rxg2 47. Rd6 Rg4 48. Kf2 Rf4+ 49. Kg3 Rf7 50. Rxg6 Rxd7 51. Rxg5 Kc7 52. Rg6 Rd6 53. Rxd6 Kxd6 1/2-1/2

[Event "January 9 Late 2024"]
[Site "https://www.chess.com"]
[Date "2024.01.09"]
[Round "5"]
[White "Korchmar, Vasiliy"]
[Black "Theodorou, Nikolas"]
[Result "0-1"]
[Board "9"]
[TimeControl "180+1"]
[WhiteFideId "24131750"]
[BlackFideId "4262875"]
[WhiteElo "2751"]
[BlackElo "3036"]
[WhiteTeam "RUS"]
[BlackTeam "GRE"]
[WhiteClock "0:00:02"]
[BlackClock "0:00:05"]

1. e4 b6 2. d4 Bb7 3. Bd3 d6 4. Nf3 Nd7 5. O-O e5 6. c3 Ngf6 7. Re1 g6 8. Nbd2 Bg7 9. Nf1 O-O 10. Ng3 Re8 11. h3 d5 12. dxe5 dxe4 13. Nxe4 Nxe5 14. Nxe5 Rxe5 15. Nxf6+ Qxf6 16. Rxe5 Qxe5 17. Be3 Rd8 18. Qf1 Bf8 19. Bd4 Qf4 20. Be3 Qh4 21. Bc4 Bd6 22. Rd1 Re8 23. Rd4 Re4 24. Qd1 Be5 25. Rxe4 Qxe4 26. Qd8+ Kg7 27. Bf1 Qd5 28. Qe7 Qd6 29. Qh4 h5 30. Qg5 Bf6 31. Qh6+ Kg8 32. Bc4 Qd1+ 33. Kh2 Qd6+ 34. Kg1 Be5 35. f4 Bg7 36. Qg5 Kf8 37. Bb3 Bf6 38. Qh6+ Bg7 39. Qg5 Qd3 40. Bf2 Qd7 41. Kh2 Qd6 42. Bg3 Qf6 43. Qb5 Qc6 44. Qg5 Qxg2# 0-1

[Event "January 9 Late 2024"]
[Site "https://www.chess.com"]
[Date "2024.01.09"]
[Round "5"]
[White "Firouzja, Alireza"]
[Black "Mikaelyan, Arman"]
[Result "1-0"]
[Board "10"]
[TimeControl "180+1"]
[WhiteFideId "12573981"]
[BlackFideId "13304852"]
[WhiteElo "3162"]
[BlackElo "2843"]
[WhiteTeam "FRA"]
[BlackTeam "ARM"]
[WhiteClock "0:00:29"]
[BlackClock "0:00:00"]

1. e4 e5 2. Nf3 Nc6 3. Bb5 a6 4. Ba4 Nf6 5. O-O Be7 6. d3 b5 7. Bb3 d6 8. c3 O-O 9. h3 Na5 10. Bc2 c5 11. d4 cxd4 12. cxd4 Bb7 13. d5 Nc4 14. Nc3 Rc8 15. a4 b4 16. Ne2 a5 17. Ng3 g6 18. Bd3 Nb6 19. Bh6 Re8 20. Bb5 Nfd7 21. Nd2 Bf8 22. Be3 Re7 23. Qg4 Nf6 24. Qh4 Bg7 25. Bg5 Rec7 26. f4 h6 27. Bxh6 Nxe4 28. Qxd8+ Rxd8 29. Bxg7 Nxd2 30. Bf6 Rdc8 31. fxe5 Nxf1 32. Rxf1 Rc1 33. exd6 Rxf1+ 34. Nxf1 Bxd5 35. d7 Nxd7 36. Bxd7 Rc1 37. Bb5 Bc4 38. Bxc4 Rxc4 39. Nd2 Rc1+ 40. Kh2 Ra1 41. b3 Rd1 42. Nc4 Rd5 43. Be5 Kf8 44. Bc7 Rd3 45. Nxa5 Ke8 46. Bb6 Kd7 47. Bc5 f5 48. Bxb4 f4 49. Nb7 Rd2 50. Bxd2 1-0

[Event "January 9 Late 2024"]
[Site "https://www.chess.com"]
[Date "2024.01.09"]
[Round "5"]
[White "Bluebaum, Matthias"]
[Black "Zhigalko, Sergei"]
[Result "1/2-1/2"]
[Board "11"]
[TimeControl "180+1"]
[WhiteFideId "24651516"]
[BlackFideId "13502956"]
[WhiteElo "3078"]
[BlackElo "2926"]
[WhiteTeam "GER"]
[BlackTeam "BLR"]
[WhiteClock "0:00:55"]
[BlackClock "0:00:03"]

1. d4 Nf6 2. c4 e6 3. Nc3 Bb4 4. e3 O-O 5. Bd2 Bxc3 6. Bxc3 Ne4 7. Ne2 d6 8. Qc2 Nxc3 9. Nxc3 Nd7 10. Bd3 Nf6 11. O-O e5 12. h3 Qe7 13. dxe5 Qxe5 14. Rad1 h6 15. Nb5 Qe7 16. Nd4 Re8 17. Rfe1 Qe5 18. Bf5 Bxf5 19. Qxf5 Qxf5 20. Nxf5 a6 21. Nd4 g6 22. f3 Kg7 23. e4 Nd7 24. Kf2 Ne5 25. b3 b5 26. cxb5 axb5 27. Nxb5 Rxa2+ 28. Re2 Rxe2+ 29. Kxe2 Rb8 30. Nxc7 Rxb3 31. Ne8+ Kf8 32. Nxd6 Rb2+ 33. Rd2 Rxd2+ 34. Kxd2 Ke7 35. Nb5 h5 36. h4 Ke6 37. Ke3 Nc4+ 38. Kf4 Kf6 39. Nd4 Ne5 40. Ne2 Nd3+ 41. Ke3 Ne5 42. Nc3 Ke6 43. Kf4 Nd3+ 44. Ke3 Ne5 45. Nd5 Nc4+ 46. Kf4 Nb2 47. Kg5 Nc4 48. g4 Ne5 49. Kf4 hxg4 50. fxg4 Nd3+ 51. Kg5 Nf2 52. Nc3 Ke5 53. h5 gxh5 54. gxh5 f6+ 55. Kh4 f5 56. h6 Kf6 57. e5+ Kg6 58. e6 Ng4 59. Nd5 Nxh6 60. Ne7+ Kf6 61. Nxf5 Nxf5+ 62. Kh3 Kxe6 1/2-1/2

[Event "January 9 Late 2024"]
[Site "https://www.chess.com"]
[Date "2024.01.09"]
[Round "5"]
[White "Grischuk, Alexander"]
[Black "Sanal, Vahap"]
[Result "0-1"]
[Board "12"]
[TimeControl "180+1"]
[WhiteFideId "4126025"]
[BlackFideId "6300545"]
[WhiteElo "3057"]
[BlackElo "2921"]
[WhiteTeam "RUS"]
[BlackTeam "TUR"]
[WhiteClock "0:00:00"]
[BlackClock "0:00:03"]

1. d4 d6 2. Bf4 Nd7 3. Nf3 Ngf6 4. Nc3 c5 5. d5 g6 6. e4 Bg7 7. Bd3 O-O 8. O-O a6 9. a4 Ng4 10. Qd2 Nge5 11. Nxe5 Nxe5 12. Be2 e6 13. Rfd1 exd5 14. Nxd5 Be6 15. a5 Rb8 16. Nb6 f5 17. Qxd6 Qxd6 18. Rxd6 Rbe8 19. Be3 Nf7 20. Rdd1 Bxb2 21. Rac1 Bxc1 22. Rxc1 Ne5 23. Bxc5 Rf7 24. exf5 Bxf5 25. Bf1 Nc6 26. Nc4 Rd7 27. Bb6 Kg7 28. Ne3 Be6 29. h3 Bf7 30. Rb1 Re5 31. Ng4 Red5 32. Ne3 Re5 33. Ng4 Re8 34. Ne3 h5 35. Bd3 Re5 36. Ra1 Nb4 37. Bf1 g5 38. c3 Nc6 39. Be2 Kh6 40. Bf1 Bg6 41. Be2 Rd2 42. Bf3 Re6 43. Ra4 Ne5 44. Bd5 Re8 45. Bxb7 Nd3 46. Bxa6 Nxf2 47. Bf1 Ne4 48. a6 Ng3 49. a7 Be4 50. Ra1 Ba8 51. Bd4 Kg6 52. Kh2 Nxf1+ 53. Rxf1 Rxe3 54. Rf6+ Kg7 55. Rf2+ Rxd4 56. cxd4 Ra3 57. Rf5 Kg6 58. Rb5 Rxa7 59. Rb6+ Kg7 60. Rb5 Kg6 61. Rb6+ Kf5 62. Rb5+ Kf4 63. g3+ Kf3 64. Rf5+ Ke3 65. Rxg5 Ra1 66. Re5+ Kf2 0-1

[Event "January 9 Late 2024"]
[Site "https://www.chess.com"]
[Date "2024.01.09"]
[Round "5"]
[White "Kadric, Denis"]
[Black "Fedoseev, Vladimir"]
[Result "0-1"]
[Board "13"]
[TimeControl "180+1"]
[WhiteFideId "14403803"]
[BlackFideId "24130737"]
[WhiteElo "2892"]
[BlackElo "3041"]
[WhiteTeam "MNE"]
[BlackTeam "SLO"]
[WhiteClock "0:00:00"]
[BlackClock "0:00:09"]

1. e4 d6 2. d4 Nf6 3. Nc3 g6 4. f4 Bg7 5. Nf3 O-O 6. e5 dxe5 7. fxe5 Nd5 8. Bc4 Nb6 9. Bb3 Bg4 10. Ne4 Bxf3 11. gxf3 Nc6 12. c3 Na5 13. Bc2 Nd5 14. O-O f6 15. f4 b6 16. Qe2 fxe5 17. fxe5 Rxf1+ 18. Qxf1 Qd7 19. b4 Nxb4 20. cxb4 Qxd4+ 21. Kg2 Qxa1 22. bxa5 Rf8 23. Qc4+ Kh8 24. Be3 Qxe5 25. axb6 axb6 26. Bf2 c5 27. Bg3 Qh5 28. Qd3 c4 29. Qe3 Qa5 30. Ng5 Qxa2 31. Qe4 Qa8 32. Ne6 Qxe4+ 33. Bxe4 Rc8 34. Bb7 Rg8 35. Bd5 c3 36. Nxg7 Rd8 37. Bb3 c2 38. Bxc2 Rd2+ 39. Kf3 Rxc2 40. Ne6 Kg8 41. Nd4 Rc4 42. Ke4 Kf7 43. Kd5 Rc5+ 44. Ke4 Kf6 45. Nf3 Rc4+ 46. Kd3 b5 47. Nd2 Ra4 48. Ne4+ Kf5 49. Nc3 Ra3 50. Kc2 b4 51. Nd5 Rxg3 52. hxg3 Kg4 53. Nxe7 Kxg3 54. Nd5 h5 55. Nxb4 h4 56. Nd3 h3 0-1

[Event "January 9 Late 2024"]
[Site "https://www.chess.com"]
[Date "2024.01.09"]
[Round "5"]
[White "Pranav, V"]
[Black "Gledura, Benjamin"]
[Result "0-1"]
[Board "14"]
[TimeControl "180+1"]
[WhiteFideId "25060783"]
[BlackFideId "712779"]
[WhiteElo "3039"]
[BlackElo "2887"]
[WhiteTeam "IND"]
[BlackTeam "HUN"]
[WhiteClock "0:00:00"]
[BlackClock "0:00:14"]

1. e4 c5 2. Nf3 d6 3. d4 cxd4 4. Nxd4 Nf6 5. c3 Nxe4 6. Bb5+ Bd7 7. Bxd7+ Qxd7 8. O-O Nc6 9. Re1 d5 10. f3 Nd6 11. Nb3 Qf5 12. g4 Qg6 13. Qxd5 O-O-O 14. Bf4 h5 15. g5 e5 16. Be3 Nf5 17. Qe4 Nxe3 18. Qxg6 fxg6 19. Rxe3 Rd1+ 20. Kg2 Be7 21. h4 Rhd8 22. Re2 b6 23. N1d2 Rxa1 24. Nxa1 Rf8 25. Nc2 Kd7 26. Ne4 Ke6 27. Ne3 Rd8 28. a4 Na5 29. Rd2 Rxd2+ 30. Nxd2 Bc5 31. Nc2 Nc6 32. b4 Bf8 33. Ne4 Ne7 34. Ne3 Nf5 35. Nc4 Nxh4+ 36. Kh3 Nxf3 37. a5 b5 38. Na3 Kd5 39. Nxb5 Kxe4 40. Nxa7 Nxg5+ 41. Kg2 Ne6 42. b5 Bc5 43. Nc8 Nc7 44. c4 Kd4 45. b6 Na6 46. b7 Kxc4 0-1

[Event "January 9 Late 2024"]
[Site "https://www.chess.com"]
[Date "2024.01.09"]
[Round "5"]
[White "Martinez Alcantara, Jose Eduardo"]
[Black "Gokerkan, Cem Kaan"]
[Result "1-0"]
[Board "15"]
[TimeControl "180+1"]
[WhiteFideId "3805662"]
[BlackFideId "6336760"]
[WhiteElo "3008"]
[BlackElo "2828"]
[WhiteTeam "PER"]
[BlackTeam "TUR"]
[WhiteClock "0:02:23"]
[BlackClock "0:00:43"]

1. e4 c5 2. Nf3 d6 3. c3 Nf6 4. h3 g6 5. Bd3 Bg7 6. Bc2 e5 7. O-O O-O 8. d3 Nc6 9. Bg5 h6 10. Bxf6 Bxf6 11. Nbd2 Bg7 12. Bb3 Kh8 13. a3 f5 14. Bc4 f4 15. b4 g5 16. Rb1 b6 17. Bd5 Bd7 18. Nc4 Rf6 19. d4 exd4 20. cxd4 Rc8 21. dxc5 bxc5 22. bxc5 g4 23. hxg4 Bxg4 24. Nxd6 Rxd6 25. cxd6 Ne5 26. Nxe5 1-0

[Event "January 9 Late 2024"]
[Site "https://www.chess.com"]
[Date "2024.01.09"]
[Round "5"]
[White "Yoo, Christopher Woojin"]
[Black "Karacsonyi, Gellert"]
[Result "1-0"]
[Board "16"]
[TimeControl "180+1"]
[WhiteFideId "30909694"]
[BlackFideId "764620"]
[WhiteElo "2979"]
[BlackElo "2777"]
[WhiteTeam "USA"]
[BlackTeam "HUN"]
[WhiteClock "0:00:05"]
[BlackClock "0:00:31"]

1. d4 Nf6 2. Nf3 d5 3. Bf4 c5 4. e3 Nc6 5. Nbd2 e6 6. c3 cxd4 7. exd4 Nh5 8. Bg5 Be7 9. Bxe7 Qxe7 10. Bb5 O-O 11. O-O Bd7 12. Re1 Nf6 13. Bxc6 Bxc6 14. Ne5 Nd7 15. Ndf3 Nxe5 16. Nxe5 f6 17. Nd3 Qd6 18. Qg4 Rfe8 19. Re3 Re7 20. Rae1 Rae8 21. Qh5 b6 22. Rh3 g6 23. Qh4 e5 24. dxe5 fxe5 25. Rxe5 Bd7 26. Rxe7 Rxe7 27. Re3 Rxe3 28. fxe3 Bf5 29. Qf4 Qd7 30. Ne5 Qb5 31. g4 Be6 32. Qf6 Qe8 33. Kf2 Qc8 34. Kg3 b5 35. h4 a5 36. h5 g5 37. Qxg5+ Kh8 38. Qf6+ Kg8 39. h6 1-0

[Event "January 9 Late 2024"]
[Site "https://www.chess.com"]
[Date "2024.01.09"]
[Round "5"]
[White "Alekseenko, Kirill"]
[Black "Kokoszczynski, Jan"]
[Result "1-0"]
[Board "17"]
[TimeControl "180+1"]
[WhiteFideId "4135539"]
[BlackFideId "1174460"]
[WhiteElo "2932"]
[BlackElo "2593"]
[WhiteTeam "AUT"]
[BlackTeam "POL"]
[WhiteClock "0:00:28"]
[BlackClock "0:00:03"]

1. e4 c5 2. Nf3 d6 3. d4 cxd4 4. Nxd4 Nf6 5. Nc3 g6 6. Be2 Bg7 7. Be3 O-O 8. O-O Nc6 9. Nb3 Be6 10. f4 Rc8 11. Kh1 a6 12. f5 Bd7 13. Qd2 Ne5 14. Bh6 Bc6 15. Bd3 b5 16. a3 Nc4 17. Bxc4 bxc4 18. Nd4 Bxe4 19. Bxg7 Kxg7 20. Rf4 d5 21. Rh4 h5 22. fxg6 Bxg6 23. Qg5 Nh7 24. Qe5+ Kg8 25. Nf5 Bxf5 26. Qxf5 e6 27. Qxh5 Re8 28. Qxh7+ Kf8 29. Rf1 Ke7 30. Qxf7+ Kd6 31. Rh7 Rf8 32. Qxf8+ Qxf8 33. Rxf8 Rxf8 34. Kg1 Rb8 35. Nd1 d4 36. Kf2 Rf8+ 37. Ke2 Kd5 38. c3 e5 39. h4 Ke4 40. Rg7 d3+ 41. Kd2 Rf1 42. Rg4+ Kd5 43. Ne3+ 1-0

[Event "January 9 Late 2024"]
[Site "https://www.chess.com"]
[Date "2024.01.09"]
[Round "5"]
[White "Bardyk, Artem"]
[Black "Sevian, Samuel"]
[Result "0-1"]
[Board "18"]
[TimeControl "180+1"]
[WhiteFideId "34349979"]
[BlackFideId "2040506"]
[WhiteElo "2757"]
[BlackElo "3138"]
[WhiteTeam "RUS"]
[BlackTeam "USA"]
[WhiteClock "0:00:17"]
[BlackClock "0:01:05"]

1. e4 e5 2. Nf3 Nc6 3. Bc4 Nf6 4. d3 Bc5 5. Nc3 d6 6. Bg5 h6 7. Bxf6 Qxf6 8. Nd5 Qd8 9. c3 Ne7 10. d4 exd4 11. cxd4 Bb6 12. O-O Nxd5 13. Bxd5 O-O 14. Re1 Bg4 15. Bxb7 Rb8 16. Bd5 Bxf3 17. Qxf3 Bxd4 18. Rad1 Bxb2 19. e5 Bxe5 20. Rxe5 dxe5 21. Bxf7+ Rxf7 22. Rxd8+ Rxd8 23. Qb3 c5 24. g3 Rd2 25. Qb8+ Kh7 26. Qxe5 Rdxf2 27. Qxc5 Rxa2 28. Qd4 Raf2 29. Qe4+ g6 30. Qa4 h5 31. Qa5 Rb2 32. Qa3 Rfb7 33. Qa5 Rc2 34. Qe1 a5 35. Qd1 Ra2 36. h3 a4 37. g4 hxg4 38. hxg4 a3 39. g5 Rab2 40. Qd3 Rb1+ 41. Kf2 R7b2+ 42. Kg3 Rb3 43. Kg4 Rxd3 44. Kh4 Rb4# 0-1

[Event "January 9 Late 2024"]
[Site "https://www.chess.com"]
[Date "2024.01.09"]
[Round "5"]
[White "Makarian, Rudik"]
[Black "Goltsev, Dmitry"]
[Result "1-0"]
[Board "19"]
[TimeControl "180+1"]
[WhiteFideId "44105681"]
[BlackFideId "24176710"]
[WhiteElo "3078"]
[BlackElo "2756"]
[WhiteTeam "FID"]
[BlackTeam "RUS"]
[WhiteClock "0:00:06"]
[BlackClock "0:00:10"]

1. d4 e6 2. Nf3 d5 3. c4 Nf6 4. g3 dxc4 5. Bg2 c5 6. O-O Nc6 7. Qa4 cxd4 8. Nxd4 Qxd4 9. Bxc6+ Bd7 10. Rd1 Bxc6 11. Qxc6+ bxc6 12. Rxd4 Rd8 13. Rxd8+ Kxd8 14. Nd2 c3 15. bxc3 Bc5 16. Nb3 Bb6 17. c4 Ne4 18. e3 Kc7 19. Bb2 f6 20. Rd1 Rd8 21. Rxd8 Kxd8 22. Kf1 a5 23. f3 a4 24. fxe4 axb3 25. axb3 Bxe3 26. Ke2 Bg1 27. h3 e5 28. b4 c5 29. b5 Bd4 30. Bc1 Kc7 31. Bd2 Kb6 32. g4 g6 33. Kd3 Bf2 34. Bh6 Bh4 35. Bf8 Bf2 36. Be7 Bh4 37. Ke2 Bg5 38. Kf3 Bh4 39. Kg2 Bg5 40. Kf3 Bh4 41. Ke2 Bg5 42. Kd3 Bh4 43. Kc2 Bg5 44. Kb3 Bh4 45. Ka4 Bg5 46. Bd8+ Kb7 47. Ba5 Bh4 48. Kb3 Bg5 49. Kc2 Bf4 50. Kd3 Bg5 51. Ke2 Bh4 52. Bd2 Kb6 53. Kf3 Kb7 54. Be3 Kb6 55. Ke2 Bg3 56. Kf1 Bh4 57. Kg2 Be1 58. g5 f5 59. exf5 gxf5 60. Bf2 Bd2 61. h4 e4 62. Kf1 f4 63. h5 f3 64. g6 hxg6 65. hxg6 Bh6 66. Be3 Bg7 67. Kf2 Bf6 68. Kg3 Be5+ 69. Kg4 Bd4 70. Kf4 Bg7 71. Kxe4 Bf6 72. Kxf3 Bg7 73. Ke4 Bf6 74. Kd5 Bg7 75. Bxc5+ Kc7 76. Ke6 Kb7 77. Be7 Be5 78. Bf6 Bc7 79. g7 Bb8 80. g8=Q Bc7 81. Qg7 Kb8 82. Qg6 Kb7 83. Qf5 Kb8 84. Qg4 Kb7 85. Qf3+ Kb8 86. Qg2 Ka7 87. Bd4+ Bb6 88. Qg7+ Kb8 89. Bxb6 Kc8 90. Qc7# 1-0

[Event "January 9 Late 2024"]
[Site "https://www.chess.com"]
[Date "2024.01.09"]
[Round "5"]
[White "Ivanisevic, Ivan"]
[Black "Keymer, Vincent"]
[Result "1-0"]
[Board "20"]
[TimeControl "180+1"]
[WhiteFideId "912417"]
[BlackFideId "12940690"]
[WhiteElo "2754"]
[BlackElo "3049"]
[WhiteTeam "SRB"]
[BlackTeam "GER"]
[WhiteClock "0:00:05"]
[BlackClock "0:00:05"]

1. e4 c6 2. d4 d5 3. e5 Bf5 4. h4 h6 5. c4 e6 6. Nc3 Ne7 7. Nge2 dxc4 8. Ng3 b5 9. a4 b4 10. Nce4 Bxe4 11. Nxe4 Nf5 12. Be3 Qd5 13. Qg4 c5 14. dxc5 Qxe5 15. Bxc4 Nxe3 16. fxe3 Bxc5 17. Bb5+ Ke7 18. Rc1 Bxe3 19. Rc2 f5 20. Qg6 Bd4 21. Re2 fxe4 22. Rxe4 Qf6 23. Qg4 Qf2+ 24. Kd1 Rd8 25. Qxe6+ Kf8 26. Qe7+ Kg8 27. Qxd8+ Kh7 28. Qxd4 Qxg2 29. Bd3 Nc6 30. Re2+ Kh8 31. Rxg2 Nxd4 32. Rhg1 Rd8 33. Rxg7 Nf3 34. Rh7# 1-0

[Event "January 9 Late 2024"]
[Site "https://www.chess.com"]
[Date "2024.01.09"]
[Round "5"]
[White "Leitao, Rafael"]
[Black "Sarana, Alexey"]
[Result "0-1"]
[Board "21"]
[TimeControl "180+1"]
[WhiteFideId "2101246"]
[BlackFideId "24133795"]
[WhiteElo "2750"]
[BlackElo "3043"]
[WhiteTeam "BRA"]
[BlackTeam "SRB"]
[WhiteClock "0:00:00"]
[BlackClock "0:00:19"]

1. c4 e6 2. g3 d5 3. Bg2 Nf6 4. Nf3 Be7 5. O-O O-O 6. b3 d4 7. e3 c5 8. exd4 cxd4 9. d3 Nc6 10. Na3 e5 11. Re1 Nd7 12. Nc2 Re8 13. a3 a5 14. Rb1 Bf8 15. b4 axb4 16. axb4 Ra2 17. b5 Ncb8 18. Bd2 f6 19. Nb4 Ra3 20. Ra1 Rxa1 21. Qxa1 Nc5 22. Qa7 Be6 23. Rd1 Nbd7 24. Ne1 Qc8 25. Nd5 Kh8 26. Ba5 Qa8 27. Qxa8 Rxa8 28. Bb4 Ra2 29. f4 Bg4 30. Bf3 Bf5 31. g4 Bg6 32. f5 Bf7 33. h3 Kg8 34. Kf1 Na4 35. Bxf8 Kxf8 36. Nc7 Ndc5 37. Bd5 Nc3 38. Rc1 b6 39. Bxf7 Kxf7 40. Rc2 Ra1 41. Kf2 Nd1+ 42. Ke2 Ne3 43. Rb2 Ke7 44. Na6 Na4 45. Rb4 Nc3+ 46. Kf2 Kd6 47. c5+ bxc5 48. Rb2 Ned1+ 0-1

[Event "January 9 Late 2024"]
[Site "https://www.chess.com"]
[Date "2024.01.09"]
[Round "5"]
[White "Yuan, Qingyu"]
[Black "Iturrizaga Bonelli, Eduardo"]
[Result "0-1"]
[Board "22"]
[TimeControl "180+1"]
[WhiteFideId "8609772"]
[BlackFideId "3901211"]
[WhiteElo "2749"]
[BlackElo "3029"]
[WhiteTeam "CHN"]
[BlackTeam "ESP"]
[WhiteClock "0:00:00"]
[BlackClock "0:00:08"]

1. e4 c5 2. Nf3 e6 3. c3 d5 4. exd5 Qxd5 5. d4 Nf6 6. Na3 Nc6 7. Be3 cxd4 8. Nb5 Qd8 9. Nbxd4 Bd7 10. Bd3 Qc7 11. Qe2 Be7 12. O-O O-O 13. Rad1 a6 14. Rfe1 Rfd8 15. h3 h6 16. Nxc6 Bxc6 17. Bd4 Rd5 18. Ne5 Be8 19. Qe3 Bc5 20. Bxc5 Rxc5 21. Bc2 b5 22. Bb1 a5 23. a3 Rb8 24. Rd4 Rd5 25. Rxd5 Nxd5 26. Qd3 Nf6 27. Ng4 Nxg4 28. Qh7+ Kf8 29. hxg4 Qf4 30. Qh8+ Ke7 31. Qxg7 Rd8 32. Bf5 Rd6 33. g3 Qd2 34. Re3 Qxb2 35. Qxh6 Bc6 36. Be4 Bxe4 37. Qg5+ Kd7 38. Rxe4 Qb1+ 39. Kh2 Qxe4 40. Qxb5+ Ke7 41. Qg5+ Kf8 42. Qxa5 Rd1 43. Qc5+ Kg8 44. Qg5+ Qg6 45. Qf4 Qh7+ 46. Qh6 Qxh6+ 0-1

[Event "January 9 Late 2024"]
[Site "https://www.chess.com"]
[Date "2024.01.10"]
[Round "5"]
[White "Stremavicius, Titas"]
[Black "Caruana, Fabiano"]
[Result "1/2-1/2"]
[Board "23"]
[TimeControl "180+1"]
[WhiteFideId "12804444"]
[BlackFideId "2020009"]
[WhiteElo "2741"]
[BlackElo "3016"]
[WhiteTeam "LTU"]
[BlackTeam "USA"]
[WhiteClock "0:00:08"]
[BlackClock "0:00:05"]

1. Nf3 d6 2. d4 Nf6 3. Nbd2 g6 4. e4 Bg7 5. Bd3 O-O 6. O-O Nc6 7. a4 e5 8. dxe5 dxe5 9. Re1 Nh5 10. Nc4 h6 11. Bf1 Bg4 12. c3 a5 13. b3 Qxd1 14. Rxd1 Bxf3 15. gxf3 Rfd8 16. Be3 Nf4 17. Rac1 Bf6 18. Na3 Rxd1 19. Rxd1 Rd8 20. Rxd8+ Nxd8 21. Nb5 Nde6 22. Bc4 Bd8 23. Kf1 h5 24. b4 axb4 25. cxb4 h4 26. a5 h3 27. Nc3 c6 28. a6 bxa6 29. Bxa6 Ng2 30. Bb7 Be7 31. Bxc6 Bxb4 32. Nd5 Bc5 33. Bd7 Bd4 34. Bxe6 fxe6 35. Nf6+ Kf7 36. Ng4 Ke7 37. Bg5+ Kd6 38. Bh6 Bc3 39. Bg5 Bb4 40. Ke2 Bc3 41. Kf1 Ba5 42. Ke2 Bb4 43. Kf1 Ne1 44. Ke2 Nc2 45. f4 Nd4+ 46. Ke3 Bc5 47. fxe5+ Kc6 48. f4 Nc2+ 49. Kf3 Ne1+ 50. Kg3 Nd3 51. Kxh3 Bd4 52. Kg3 Nc5 53. Kf3 Bc3 54. Nf2 Be1 55. h4 Bxf2 56. Kxf2 Nxe4+ 57. Ke3 Ng3 58. Kf3 Nf5 59. Kg4 Kd7 60. h5 gxh5+ 61. Kxh5 Kc6 62. Kg6 Kd5 63. Kf6 Nd4 64. Kf7 Nf5 65. Kf6 Ng3 66. Kf7 Nf5 67. Kf6 1/2-1/2

[Event "January 9 Late 2024"]
[Site "https://www.chess.com"]
[Date "2024.01.09"]
[Round "5"]
[White "Paravyan, David"]
[Black "Mekhitarian, Krikor Sevag"]
[Result "1/2-1/2"]
[Board "24"]
[TimeControl "180+1"]
[WhiteFideId "4194985"]
[BlackFideId "2107660"]
[WhiteElo "3016"]
[BlackElo "2740"]
[WhiteTeam "FID"]
[BlackTeam "BRA"]
[WhiteClock "0:01:53"]
[BlackClock "0:00:24"]

1. e4 e6 2. d4 d5 3. Nc3 Nf6 4. Bg5 dxe4 5. Nxe4 Be7 6. Nxf6+ Bxf6 7. Bxf6 Qxf6 8. c3 O-O 9. Qf3 Qxf3 10. Nxf3 b6 11. g3 Bb7 12. Bg2 Nd7 13. Nh4 Bxg2 14. Nxg2 Rfd8 15. O-O-O c5 16. Rhe1 Kf8 17. d5 exd5 18. Rxd5 Nf6 19. Rxd8+ Rxd8 20. f3 Re8 21. Kd2 Rxe1 22. Nxe1 Ke7 23. Kd3 Kd6 24. Nc2 b5 25. c4 b4 26. Ne3 g6 27. f4 h5 28. h3 Ke6 29. g4 hxg4 30. hxg4 Kd6 31. g5 Nh5 32. Ke4 Ng3+ 33. Kf3 Nf5 34. Nxf5+ gxf5 35. Kg3 Ke7 36. a4 a5 37. Kh4 Kf8 38. b3 Kg7 39. Kh5 Kh7 40. Kh4 Kg7 41. Kh5 Kh7 42. Kh4 Kg6 43. Kg3 Kg7 44. Kh3 Kh7 45. Kg3 Kg7 46. Kh3 Kh7 47. Kg3 Kg7 1/2-1/2